SL
D.C. DIVIDED @ KINGSTON TOWNSHIP KNIGHTS
07/12/2042
 
TOP OF THE 1ST
D.C. Divided batting - Pitching for Kingston Township Knights : LHP Chase Sims
Pitching: LHP Chase Sims
Batting: RHB Kimi Okubo 0-0: Ball
1-0: Ball
2-0: Called Strike
2-1: Foul Ball, location: 2F
2-2: Strikes out swinging
Batting: LHB Bill Butler 0-0: Swinging Strike
0-1: Ground out 4-3 (Groundball, 4, EV 103.8 MPH)
Batting: RHB Martín Chávez 0-0: Called Strike
0-1: Ball
1-1: Called Strike
1-2: Strikes out swinging
Top of the 1st over - 0 runs, 0 hits, 0 errors, 0 left on base; D.C. 0 - Kingston Township 0
BOTTOM OF THE 1ST
Kingston Township Knights batting - Pitching for D.C. Divided : RHP Eric Colquhoun
Pitching: RHP Eric Colquhoun
Batting: RHB Glenn Curtis 0-0: Ground out 5-3 (Groundball, 5S, EV 88.1 MPH)
Batting: RHB Daniel McCoy 0-0: Ball
1-0: Foul Ball, location: 2F
1-1: Ball
2-1: Ball
3-1: Fly out, F8 (Line Drive, 8LD, EV 92.5 MPH)
Batting: RHB Jorge Ozezera 0-0: Called Strike
0-1: Foul Ball, location: 2F
0-2: Strikes out swinging
Bottom of the 1st over - 0 runs, 0 hits, 0 errors, 0 left on base; D.C. 0 - Kingston Township 0
TOP OF THE 2ND
D.C. Divided batting - Pitching for Kingston Township Knights : LHP Chase Sims
Batting: RHB Layton Arntsen 0-0: Called Strike
0-1: Ground out 6-3 (Groundball, 6, EV 83.8 MPH)
Batting: LHB Stanley Zijm 0-0: Called Strike
0-1: Called Strike
0-2: SINGLE (Groundball, 6D, EV 100.0 MPH)
Batting: RHB Francisco Alhama 0-0: Swinging Strike
0-1: Called Strike
0-2: Ball
1-2: Strikes out looking
Batting: LHB Manuel Carmona 0-0: Ball
1-0: Swinging Strike
1-1: Ball
2-1: Called Strike
2-2: Ball
3-2: Fly out, F5 (Line Drive, 5, EV 70.0 MPH)
Top of the 2nd over - 0 runs, 1 hit, 0 errors, 1 left on base; D.C. 0 - Kingston Township 0
BOTTOM OF THE 2ND
Kingston Township Knights batting - Pitching for D.C. Divided : RHP Eric Colquhoun
Batting: LHB Ed Mellor 0-0: Ball
1-0: Foul Ball, location: 2F
1-1: Ball
2-1: Foul Ball, location: 2F
2-2: Ball
3-2: Foul Ball, location: 2F
3-2: Fly out, F8 (Flyball, 89D, EV 100.6 MPH)
Batting: RHB Holden Ford 0-0: Called Strike
0-1: Ball
1-1: Ball
2-1: Ball
3-1: Base on Balls
Batting: RHB Amor Campos 0-0: Foul Ball, location: 2F
0-1: Ball
1-1: Grounds into double play, 5-4-3 (Groundball, 56, EV 88.8 MPH)
Bottom of the 2nd over - 0 runs, 0 hits, 0 errors, 0 left on base; D.C. 0 - Kingston Township 0
TOP OF THE 3RD
D.C. Divided batting - Pitching for Kingston Township Knights : LHP Chase Sims
Batting: RHB Peni Ferede 0-0: Swinging Strike
0-1: Foul Ball, location: 2F
0-2: Strikes out looking
Batting: SHB Billy Dotson 0-0: Fly out, F7 (Flyball, 7D, EV 95.6 MPH)
Batting: RHB Kimi Okubo 0-0: Ball
1-0: Ball
2-0: Foul Ball, location: 2F
2-1: Foul Ball, location: 2F
2-2: Foul Ball, location: 2F
2-2: Ball
3-2: SINGLE (Line Drive, 78S, EV 100.0 MPH)
Batting: LHB Bill Butler 0-0: Ball
1-0: Swinging Strike
1-1: Ball
2-1: Fly out, F7 (Flyball, 7S, EV 91.9 MPH)
Top of the 3rd over - 0 runs, 1 hit, 0 errors, 1 left on base; D.C. 0 - Kingston Township 0
BOTTOM OF THE 3RD
Kingston Township Knights batting - Pitching for D.C. Divided : RHP Eric Colquhoun
Batting: RHB Tom Rowland 0-0: Ball
1-0: Called Strike
1-1: Ground out 1-3 (Groundball, 15S, EV 63.1 MPH)
Batting: RHB Dave Broom 0-0: Ball
1-0: Foul Ball, location: 2F
1-1: Swinging Strike
1-2: Foul Ball, location: 2F
1-2: Foul Ball, location: 2F
1-2: TRIPLE (Flyball, 9LD, EV 103.8 MPH)
Batting: RHB Dylan Oram 0-0: Foul Ball, location: 2F
0-1: Ball
1-1: Hit by Pitch
Batting: RHB Glenn Curtis 0-0: Ball
1-0: Foul Ball, location: 2F
1-1: Called Strike
1-2: Fielders Choice at 2nd, 4-6 (Groundball, 4M, EV 103.1 MPH)
Dave Broom scores
Batting: RHB Daniel McCoy 0-0: Called Strike
0-1: Ball
Glenn Curtis is caught stealing 2nd base 2-4
Bottom of the 3rd over - 1 run, 1 hit, 0 errors, 0 left on base; D.C. 0 - Kingston Township 1
TOP OF THE 4TH
D.C. Divided batting - Pitching for Kingston Township Knights : LHP Chase Sims
Batting: RHB Martín Chávez 0-0: Ball
1-0: Ball
2-0: Foul Ball, location: 2F
2-1: Ground out 6-3 (Groundball, 6, EV 82.5 MPH)
Batting: RHB Layton Arntsen 0-0: DOUBLE (Line Drive, 9LD, EV 106.2 MPH)
Batting: LHB Stanley Zijm 0-0: Ground out 5-3 (Groundball, 56, EV 83.8 MPH)
Batting: RHB Francisco Alhama 0-0: Called Strike
0-1: Ball
1-1: Ground out U3 (Groundball, 34, EV 97.5 MPH)
Top of the 4th over - 0 runs, 1 hit, 0 errors, 1 left on base; D.C. 0 - Kingston Township 1
BOTTOM OF THE 4TH
Kingston Township Knights batting - Pitching for D.C. Divided : RHP Eric Colquhoun
Batting: RHB Daniel McCoy 0-0: Ball
1-0: Called Strike
1-1: Ball
2-1: Ball
3-1: Base on Balls
Batting: RHB Jorge Ozezera 0-0: Swinging Strike
0-1: Ball
1-1: Ball
2-1: Swinging Strike
2-2: Strikes out looking
Batting: LHB Ed Mellor 0-0: Called Strike
0-1: Swinging Strike
0-2: Ball
1-2: Foul Ball, location: 2F
1-2: Fly out, F8 (Line Drive, 8RD, EV 85.0 MPH)
Batting: RHB Holden Ford 0-0: Ball
1-0: Foul Ball, location: 2F
1-1: Swinging Strike
1-2: Strikes out swinging
Bottom of the 4th over - 0 runs, 0 hits, 0 errors, 1 left on base; D.C. 0 - Kingston Township 1
TOP OF THE 5TH
D.C. Divided batting - Pitching for Kingston Township Knights : LHP Chase Sims
Batting: LHB Manuel Carmona 0-0: Ground out 4-3 (Groundball, 4, EV 82.5 MPH)
Batting: RHB Peni Ferede 0-0: Called Strike
0-1: Ball
1-1: Swinging Strike
1-2: Fly out, F8 (Flyball, 8LS, EV 91.9 MPH)
Batting: SHB Billy Dotson 0-0: Fly out, F7 (Flyball, 7S, EV 79.4 MPH)
Top of the 5th over - 0 runs, 0 hits, 0 errors, 0 left on base; D.C. 0 - Kingston Township 1
BOTTOM OF THE 5TH
Kingston Township Knights batting - Pitching for D.C. Divided : RHP Eric Colquhoun
Batting: RHB Amor Campos 0-0: Ball
1-0: Ball
2-0: Called Strike
2-1: Foul Ball, location: 2F
2-2: Ball
3-2: Fly out, F7 (Flyball, 7LD, EV 86.2 MPH)
Batting: RHB Tom Rowland 0-0: Swinging Strike
0-1: Foul Ball, location: 2F
0-2: Ball
1-2: Strikes out looking
Batting: RHB Dave Broom 0-0: Called Strike
0-1: Swinging Strike
0-2: Strikes out swinging
Bottom of the 5th over - 0 runs, 0 hits, 0 errors, 0 left on base; D.C. 0 - Kingston Township 1
TOP OF THE 6TH
D.C. Divided batting - Pitching for Kingston Township Knights : LHP Chase Sims
Batting: RHB Kimi Okubo 0-0: Called Strike
0-1: Swinging Strike
0-2: Ball
1-2: Ball
2-2: Ball
3-2: Foul Ball, location: 2F
3-2: Foul Ball, location: 2F
3-2: Base on Balls
Batting: LHB Bill Butler 0-0: Called Strike
0-1: Fielders Choice at 2nd, 5-4 (Groundball, 56, EV 101.9 MPH)
Batting: RHB Martín Chávez 0-0: Ball
1-0: Foul Ball, location: 2F
1-1: DOUBLE (Line Drive, 78M, EV 101.2 MPH)
Bill Butler to third
Runner from 3rd tries for Home, SAFE, throw by LF to trailing runner, SAFE at third!
Batting: RHB Layton Arntsen 0-0: Foul Ball, location: 2F
0-1: SINGLE (Flyball, 9LS, EV 88.8 MPH)
Martín Chávez scores
Batting: LHB Stanley Zijm 0-0: Foul Ball, location: 2F
0-1: Ball
1-1: Foul Ball, location: 2F
1-2: Strikes out swinging
Batting: RHB Francisco Alhama 0-0: Swinging Strike
0-1: Foul Ball, location: 2F
0-2: Fly out, F9 (Line Drive, 9D, EV 90.0 MPH)
Top of the 6th over - 2 runs, 2 hits, 0 errors, 1 left on base; D.C. 2 - Kingston Township 1
BOTTOM OF THE 6TH
Kingston Township Knights batting - Pitching for D.C. Divided : RHP Eric Colquhoun
Batting: RHB Dylan Oram 0-0: Called Strike
0-1: Foul Ball, location: 2F
0-2: Strikes out swinging
Batting: RHB Glenn Curtis 0-0: Foul Ball, location: 2F
0-1: Ball
1-1: Swinging Strike
1-2: Foul Ball, location: 2F
1-2: Hit by Pitch
Batting: RHB Daniel McCoy 0-0: Ball
1-0: Ball
2-0: Foul Ball, location: 2F
2-1: Fly out, F8 (Flyball, 8RXD, EV 100.0 MPH)
Batting: RHB Jorge Ozezera 0-0: Ball
1-0: Ball
2-0: Called Strike
2-1: Ball
3-1: Base on Balls
Glenn Curtis to second
Batting: LHB Ed Mellor 0-0: Ball
1-0: Fielders Choice at 2nd, 6-4 (Groundball, 6, EV 86.2 MPH)
Bottom of the 6th over - 0 runs, 0 hits, 0 errors, 2 left on base; D.C. 2 - Kingston Township 1
TOP OF THE 7TH
D.C. Divided batting - Pitching for Kingston Township Knights : LHP Chase Sims
Batting: LHB Manuel Carmona 0-0: Ground out U3 (Groundball, 3, EV 90.6 MPH)
Batting: RHB Peni Ferede 0-0: Called Strike
0-1: Called Strike
0-2: Foul Ball, location: 2F
0-2: Ground out 4-3 (Groundball, 4S, EV 65.6 MPH)
Batting: SHB Billy Dotson 0-0: Called Strike
0-1: Swinging Strike
0-2: Ball
1-2: Foul Ball, location: 2F
1-2: Ball
2-2: Foul Ball, location: 2F
2-2: Foul Ball, location: 2F
2-2: SINGLE (Line Drive, 5D, EV 97.5 MPH)
Batting: RHB Kimi Okubo 0-0: Ball
1-0: Ball
2-0: Called Strike
2-1: Swinging Strike
2-2: Strikes out swinging
Top of the 7th over - 0 runs, 1 hit, 0 errors, 1 left on base; D.C. 2 - Kingston Township 1
BOTTOM OF THE 7TH
Kingston Township Knights batting - Pitching for D.C. Divided : RHP Eric Colquhoun
Batting: RHB Holden Ford 0-0: Ball
1-0: Ball
2-0: Ball
3-0: Base on Balls
Batting: RHB Amor Campos 0-0: Ball
1-0: Ball
2-0: Ball
3-0: Called Strike
3-1: Bunted foul
3-2: SINGLE (Groundball, 56D, EV 106.9 MPH)
Holden Ford to second
Pitching: RHP Nand Lal Chaudhary
Batting: RHB Tom Rowland 0-0: DOUBLE (Flyball, 78XD, EV 107.5 MPH)
Holden Ford scores
Amor Campos to third
Batting: RHB Dave Broom 0-0: Intentional Walk
Batting: RHB Dylan Oram 0-0: Ball
1-0: Ball
2-0: Called Strike
2-1: Called Strike
2-2: DOUBLE (Line Drive, 89D, EV 105.0 MPH)
Amor Campos scores
Tom Rowland scores
Dave Broom to third
Batting: RHB Glenn Curtis 0-0: Ball
1-0: Ball
2-0: Swinging Strike
2-1: Ball
Wild Pitch!
Dave Broom scores
Dylan Oram to third
3-1: Foul Ball, location: 2F
3-2: Base on Balls
Batting: RHB Daniel McCoy 0-0: Fly out, F7 (Flyball, 7LSF, EV 85.6 MPH)
Batting: RHB Jorge Ozezera 0-0: Called Strike
Glenn Curtis steals 2nd base
0-1: Foul Ball, location: 2F
0-2: Foul Ball, location: 2F
0-2: Ball
1-2: Foul Ball, location: 2F
1-2: Foul Ball, location: 2F
1-2: DOUBLE (Flyball, 8LXD, EV 108.1 MPH)
Dylan Oram scores
Glenn Curtis scores
Pitching: LHP Henry Davis
Batting: LHB Ed Mellor 0-0: Foul Ball, location: 2F
0-1: Ball
1-1: Ball
2-1: Swinging Strike
2-2: Foul Ball, location: 2F
2-2: SINGLE (Groundball, 56D, EV 104.4 MPH)
Jorge Ozezera to third
Runner from 3rd tries for Home, throw by LF and OUT! 7-2
Ed Mellor to second
Batting: RHB Holden Ford 0-0: Foul Ball, location: 2F
0-1: Hit by Pitch
Batting: RHB Amor Campos 0-0: Called Strike
0-1: Foul Ball, location: 2F
0-2: Ball
1-2: Foul Ball, location: 2F
1-2: Ball
2-2: SINGLE (Line Drive, 6D, EV 95.6 MPH)
Ed Mellor to third
Holden Ford to second
Runner from 3rd tries for Home, SAFE, throw by LF to home
Batting: RHB Tom Rowland 0-0: Ball
1-0: Called Strike
1-1: Ball
2-1: Reached on error, E3 (Groundball, 34, EV 113.8 MPH)
Holden Ford to third
Amor Campos to second
Batting: RHB Dave Broom 0-0: Ground out 1-3 (Groundball, 13, EV 67.5 MPH)
Bottom of the 7th over - 7 runs, 6 hits, 1 error, 3 left on base; D.C. 2 - Kingston Township 8
TOP OF THE 8TH
D.C. Divided batting - Pitching for Kingston Township Knights : LHP Chase Sims
Batting: LHB Bill Butler 0-0: Called Strike
0-1: Ball
1-1: Ball
2-1: Foul Ball, location: 2F
2-2: Strikes out swinging
Batting: RHB Martín Chávez 0-0: Called Strike
0-1: Foul Ball, location: 2F
0-2: Ball
1-2: Ball
2-2: Strikes out looking
Batting: RHB Layton Arntsen 0-0: Ball
1-0: Ball
2-0: Ball
3-0: Called Strike
3-1: SINGLE (Groundball, 6MD, EV 95.6 MPH)
Batting: LHB Stanley Zijm 0-0: SINGLE (Groundball, 4MD, EV 95.0 MPH)
Layton Arntsen to second
Batting: RHB Francisco Alhama 0-0: Ball
1-0: SINGLE (Groundball, 6MS, EV 87.5 MPH) (infield hit)
Layton Arntsen to third
Stanley Zijm to second
Batting: LHB Manuel Carmona 0-0: Fly out, F8 (Flyball, 8LS, EV 82.5 MPH)
Top of the 8th over - 0 runs, 3 hits, 0 errors, 3 left on base; D.C. 2 - Kingston Township 8
BOTTOM OF THE 8TH
Kingston Township Knights batting - Pitching for D.C. Divided : LHP Henry Davis
Batting: RHB Dylan Oram 0-0: Called Strike
0-1: Ground out 5-3 (Groundball, 56, EV 105.6 MPH)
Batting: RHB Glenn Curtis 0-0: Ball
1-0: Ball
2-0: Foul Ball, location: 2F
2-1: Foul Ball, location: 2F
2-2: Foul Ball, location: 2F
2-2: Ground out 5-3 (Groundball, 56S, EV 70.6 MPH)
Batting: RHB Daniel McCoy 0-0: SINGLE (Groundball, 6MD, EV 103.1 MPH)
Batting: RHB Jorge Ozezera 0-0: Ball
1-0: Ball
2-0: Foul Ball, location: 2F
2-1: Ball
3-1: Fielders Choice at 2nd, 6-4 (Groundball, 56, EV 100.6 MPH)
Bottom of the 8th over - 0 runs, 1 hit, 0 errors, 1 left on base; D.C. 2 - Kingston Township 8
TOP OF THE 9TH
D.C. Divided batting - Pitching for Kingston Township Knights : LHP Chase Sims
Batting: RHB Peni Ferede 0-0: Called Strike
0-1: Ball
1-1: Ball
2-1: Swinging Strike
2-2: Foul Ball, location: 2F
2-2: Ball
3-2: Base on Balls
Pitching: RHP Elroy Quaid
Batting: SHB Billy Dotson 0-0: Swinging Strike
0-1: Ball
1-1: Foul Ball, location: 2F
1-2: Grounds into double play, 4-6-3 (Groundball, 4, EV 78.1 MPH)
Batting: RHB Kimi Okubo 0-0: Swinging Strike
0-1: Foul Ball, location: 2F
0-2: Strikes out looking
Top of the 9th over - 0 runs, 0 hits, 0 errors, 0 left on base; D.C. 2 - Kingston Township 8
Friday, March 26th, 2021 - OOTP Baseball 20.8 Build 74